AoeStats
← Garchomoo

MegaRandom

507911079Analyzed
3v3 RM · 28d ago on Sep 20, 2026· 38m 31s· 6 players
Game mode
Random Map
Map size
Normal (6 player)
Population
200
Speed
Normal
Resources
Standard
Victory
Conquest
Starting age
Dark Age
Ending age
Imperial Age
RankedLock teamsTeams togetherTeam positionsShared explorationLock speedFull tech treeHidden civsTurbo modeCheats
Victory
Defeat
🇨🇳 Celts · China
1139
+16
🇦🇺 Japanese · Australia
1132
+16
🇹🇼 Koreans · Taiwan
1121
+16
vs
🇲🇽 Slavs · Mexico
1140
-16
🇲🇽 Bohemians · Mexico
1139
-16
🇲🇽 Spanish · Mexico
1139
-16
AZ
0:38 Loom
12:28 Feudal Age
13:02 Double-Bit Axe
13:13 Horse Collar
17:54 Wheelbarrow
22:44 Castle Age
21:19 Fletching
22:04 Gold Mining
23:00 Crossbowman
27:34 Bodkin Arrow
30:32 Ballistics
30:37 Bow Saw
33:10 Thumb Ring
34:36 Hand Cart
Starving Maggot
9:18 Loom
11:47 Feudal Age
12:21 Man-at-Arms
14:20 Scale Mail Armor
18:31 Castle Age
18:55 Fletching
19:07 Double-Bit Axe
21:17 Gold Mining
22:33 Bodkin Arrow
23:18 Padded Archer Armor
27:41 Wheelbarrow
27:27 Leather Archer Armor
29:18 Ballistics
37:51 Chain Mail Armor
37:52 Arson
39:20 Bloodlines
39:11 Husbandry
ROCK
7:34 Loom
10:12 Feudal Age
10:52 Double-Bit Axe
10:51 Horse Collar
22:22 Castle Age
22:00 Gold Mining
23:54 Wheelbarrow
23:01 Man-at-Arms
23:27 Gambesons
23:28 Arson
23:47 Scale Mail Armor
23:58 Forging
24:04 Long Swordsman
27:13 Bow Saw
30:40 Hand Cart
32:21 Fletching
35:01 Bodkin Arrow
41:38 Imperial Age
Garchomoo
6:19 Loom
9:49 Feudal Age
10:31 Double-Bit Axe
17:13 Castle Age
21:23 Bow Saw
21:41 Pikeman
24:05 Wheelbarrow
27:31 Elite Skirmisher
29:54 Redemption
31:23 Hand Cart
31:45 Fervor
32:02 Sanctity
36:19 Fletching
36:30 Padded Archer Armor
Sebollas
7:36 Loom
11:32 Feudal Age
13:18 Double-Bit Axe
19:30 Castle Age
21:16 Crossbowman
22:02 Fletching
22:43 Horse Collar
28:47 Bodkin Arrow
32:33 Elite Skirmisher
33:15 Padded Archer Armor
33:32 Bow Saw
33:23 Heavy Plow
36:40 Leather Archer Armor
El Memelon
5:18 Loom
10:47 Feudal Age
13:05 Double-Bit Axe
17:11 Castle Age
26:48 Horse Collar
31:53 Wheelbarrow
31:18 Town Watch
Connection lost

Rejoining the realm…

Still unreachable

The connection could not be restored.

Session expired

The server has moved on; the page needs a fresh start.